 Dungeon Crawl Stone Soup version 0.26.1-2-gb8aa6d0cf2 (webtiles) character file.

Game seed: 16520371208957543881

37 Ayazi56 the Skirmisher (level 3, -1/26 HPs)
             Began as an Octopode Fighter on Mar 23, 2021.
             Slain by an orc
             ... wielding a +0 flail of draining
              (6 damage)
             ... on level 3 of the Dungeon.
             The game lasted 00:09:25 (2081 turns).

Ayazi56 the Skirmisher (Octopode Fighter)           Turns: 2081, Time: 00:09:25

Health: -1/26      AC:  1    Str: 16    XL:     3   Next: 39%
Magic:  0/3        EV: 11    Int: 10    God:
Gold:   129        SH:  8    Dex: 11    Spells: 2/2 levels left

rFire    . . .     SeeInvis .   a - +0 war axe
rCold    . . .     Faith    .   b - +0 kite shield
rNeg     . . .     Spirit   +   (helmet restricted)
rPois    .         Reflect  .   o - amulet of guardian spirit
rElec    .         Harm     .   (no ring)
rCorr    .         Rampage  .   (no ring)
Will     .....                  (no ring)
Stlth    ++........             (no ring)
HPRegen  0.08/turn              (no ring)
MPRegen  0.08/turn              (no ring)
                                (no ring)
                                (no ring)

@: no status effects
A: almost no armour, stealthy swim, amphibious, 8 rings, constrict 8, camouflage
1, gelatinous body 1
a: no special abilities


You were on level 3 of the Dungeon.
You visited 1 branch of the dungeon, and saw 3 of its levels.

You collected 129 gold pieces.

Inventory:

Hand Weapons
 a - a +0 war axe (weapon)
Missiles
 h - 7 boomerangs
 n - 19 poisoned darts (quivered)
Armour
 b - a +0 kite shield (worn)
Jewellery
 o - an amulet of guardian spirit (around mantle)
 p - a +4 ring of protection
Wands
 l - a wand of random effects (15)
Scrolls
 d - 2 scrolls of fear {unknown}
 e - a scroll of amnesia {unknown}
 f - 2 scrolls of identify {unknown}
 i - 2 scrolls of teleportation {unknown}
 j - a scroll of enchant weapon {unknown}
 k - a scroll of remove curse {unknown}
 m - a scroll of fog {unknown}
Potions
 c - a potion of might
 g - 2 potions of attraction


   Skills:
 + Level 3.4 Fighting
 + Level 2.3 Axes
 + Level 3.3 Dodging
 + Level 1.0 Stealth
 + Level 3.2 Shields


You had 2 spell levels left.
You didn't know any spells.
Your spell library was empty.

Dungeon Overview and Level Annotations

Branches:
Dungeon (3/15)

Altars:
Hepliaklqana


Innate Abilities, Weirdness & Mutations

You cannot wear most types of armour.
You are very stealthy in the water. (Stealth+)
You are amphibious.
You can wear up to eight rings at the same time.
You can use your tentacles to constrict eight enemies at once.
Your skin changes colour to match your surroundings (Stealth+).
Your rubbery body absorbs attacks. (AC +1, EV +1)


Message History

You barely miss the orc wizard. You grab the orc wizard.
The orc wizard is moderately wounded.
You barely miss the orc. You constrict the orc wizard.
The orc barely misses you.
The orc wizard hits you with a +0 dagger. x2
You hit the orc wizard.
The orc wizard is heavily wounded.
You closely miss the orc. You hit the orc. You constrict the orc wizard.
The orc hits you with a +0 hand axe. The orc hits you with a +0 dagger.
The orc wizard mumbles some strange words.
The orc wizard seems to speed up.
You barely miss the orc wizard.
The orc wizard is severely wounded.
You barely miss the orc.
You hit the orc. x2; You constrict the orc wizard.
You kill the orc wizard!
You block the orc's attack. The orc barely misses you.
The orc hits you with a +0 hand axe.
* * * LOW HITPOINT WARNING * * *
The orc hits you with a +0 flail of draining!
You die...

#..........###.####
#.###.#######.....#
###.###.### #.....#
........... #.....#
............ ##.####
.............###.#
.................#######
.......>................
...............o@o...[..
..............!o).......
........................
.................#.....#
.................#.....#
........ ...............
........#.....#
........# ....#


You could see 3 orcs.

Vanquished Creatures
  An orc wizard (D:3)
  An adder (D:2)
  2 leopard geckos
  An orc (D:3)
  2 giant cockroaches
  5 goblins (D:2)
  3 hobgoblins
  4 frilled lizards
  3 kobolds
  3 rats
25 creatures vanquished.

Notes
Turn   | Place    | Note
-------+----------+-------------------------------------------
     0 | D:1      | Ayazi56 the Octopode Fighter began the quest for the Orb.
     0 | D:1      | Reached XP level 1. HP: 16/16 MP: 1/1
   295 | D:1      | Reached XP level 2. HP: 19/21 MP: 2/2
  1170 | D:2      | Reached XP level 3. HP: 15/26 MP: 1/3
  1450 | D:2      | Found a hazy altar of Hepliaklqana.
  2050 | D:3      | Reached skill level 1 in Stealth
  2081 | D:3      | Slain by an orc

Illustrated notes

Levels and vault maps discovered:
D:1:      saegor_arrival_simple_c, layout_rooms
D:2:      layout_basic, nzn_hepliaklqana_mist_gate, grunt_ministairs_12
D:3:      layout_basic, cheibrodos_gnoll_hut, uniq_terence,
          uniq_crazy_yiuf_cottage

Skill      XL: |  1  2  3 |
---------------+----------+-----
Stealth        | 1 |  1.0
Fighting       | |  3.4
Axes           | |  2.3
Dodging        | |  3.3
Shields        | |  3.2

Action                   || total
-------------------------++-------
Melee: War axe           ||    44
       Constrict         ||     7
       Tentacles         ||     5
  Use: Potion            ||     3
 Stab: Sleeping          ||     1
Armor: Skin              ||     1
Dodge: Dodged            ||    21
Block: Kite shield       ||    19
